 Dungeon Crawl Stone Soup version 0.25-a0-488-g03579ab4a3 (webtiles) character file.

Game seed: 16086865209276391426, levelgen mode: deterministic

498 Error4North the Chopper (level 7, -7/54 HPs)
             Began as a Hill Orc Fighter on Feb 10, 2020.
             Mangled by Blork the orc
             ... wielding a +0 battleaxe of electrocution
              (8 damage)
             ... on level 4 of the Dungeon.
             The game lasted 00:09:33 (2719 turns).

Error4North the Chopper (Hill Orc Fighter)          Turns: 2719, Time: 00:09:33

Health: -7/54      AC: 13    Str: 20 (21) XL:     7   Next: 16%
Magic:  7/7        EV:  4    Int:  5 (8)  God:
Gold:   256        SH: 10    Dex:  8 (10) Spells: 6/6 levels left

rFire    . . .     SeeInvis .   a - +0 war axe
rCold    . . .     Gourm    .   c - +0 kite shield
rNeg     . . .     Faith    .   v - +0 plate armour
rPois    .         Spirit   .   d - +1 hat
rElec    .         Reflect  .   (no cloak)
rCorr    .         Harm     .   (no gloves)
MR       .....     Rnd*Tele +   (no boots)
Stlth    ..........             (no amulet)
HPRegen  0.18/turn              i - ring of stealth
MPRegen  0.10/turn              q - ring of teleportation (curse)

@: no status effects
A: talons 1, frail 1, evolution 1
a: no special abilities


You were on level 4 of the Dungeon.
You were not hungry.

You visited 1 branch of the dungeon, and saw 4 of its levels.

You collected 256 gold pieces.

Inventory:

Hand Weapons
 a - a +0 war axe (weapon)
Armour
 c - a +0 kite shield (worn)
 d - a +1 hat (worn)
 v - a +0 plate armour (worn)
Jewellery
 e - a cursed -4 ring of evasion {unknown}
 i - a ring of stealth (left hand)
 q - a cursed ring of teleportation (right hand)
 u - an uncursed ring of protection from magic {unknown}
Scrolls
 g - a scroll of noise {unknown}
 h - 3 scrolls of magic mapping {unknown}
 j - 4 scrolls of immolation {unknown}
 l - a scroll of fog {unknown}
 m - 3 scrolls of identify {unknown}
 n - a scroll of enchant armour {unknown}
 p - 2 scrolls of teleportation {unknown}
 s - a scroll of random uselessness {unknown}
Potions
 k - a potion of curing
 o - a potion of degeneration
Comestibles
 b - a chunk of flesh
 f - 7 rations


   Skills:
 + Level 4.3 Fighting
 + Level 5.9 Axes
 * Level 4.8 Armour
 + Level 1.0 Dodging
 * Level 5.8 Shields


You had 6 spell levels left.
You didn't know any spells.
Your spell library was empty.

Dungeon Overview and Level Annotations

Branches:
Dungeon (4/15)
 Temple: D:4-7

Altars:
Dithmenos
Ru
Sif Muna
Uskayaw
Wu Jian

Annotations:
D:4 Blork the orc


Innate Abilities, Weirdness & Mutations

You have sharp toenails.
You are frail. (-10% HP)
You evolve.


Message History

Blork the orc is lightly wounded.
Blork the orc barely misses you.
You closely miss Blork the orc.
Blork the orc is lightly wounded.
Blork the orc hits you with a +0 battleaxe of electrocution.
* * * LOW HITPOINT WARNING * * *
You are electrocuted!
* * * LOW HITPOINT WARNING * * *
You block Blork the orc's attack.
You closely miss Blork the orc. You claw Blork the orc.
Blork the orc is moderately wounded.
You block Blork the orc's attack.
You closely miss Blork the orc. Your kick misses Blork the orc.
Blork the orc is moderately wounded.
You block Blork the orc's attack. x2
Your shield and plate armour prevent you from hitting Blork the orc.
Your kick misses Blork the orc.
Blork the orc is moderately wounded.
Blork the orc hits you with a +0 battleaxe of electrocution!
You die...

........###.###........#.##.
......... .......###...#.##.
...###..###.###..# #...#.##.
#. #..###.# #..# #...#.... .
#......###..###........
###+###................
.....####..###...#####
#%o####..# #.#.# #
#.@.....###.#.#####
#..#.............รท..
.....#####.###.#.#####
###+### ..#.# #.#.# #
.##.#.###.#.# # ...........#
# ....###.#.# # #.#.# #.#.#
##### ### #####.#.###.#.#


You could see Blork the orc.

Vanquished Creatures
  Sigmund (D:4)
  An ogre (D:3)
  An orc wizard (D:3)
  A hound skeleton (D:4)
  10 adders
  4 gnolls (D:4)
  5 oozes
  An adder zombie (D:2)
  A worm (D:2)
  2 dart slugs
  2 leopard geckos
  2 orcs (D:4)
  3 giant cockroaches
  5 goblins
  8 hobgoblins
  2 jackals (D:3)
  5 kobolds
  2 quokkas (D:3)
  A ball python (D:3)
  2 bats
  2 frilled lizards
  4 rats
65 creatures vanquished.

Notes
Turn   | Place    | Note
-------+----------+-------------------------------------------
     0 | D:1      | Error4North the Hill Orc Fighter began the quest for the
                  | Orb.
     0 | D:1      | Reached XP level 1. HP: 19/19 MP: 1/1
   203 | D:1      | Reached XP level 2. HP: 26/26 MP: 2/2
   704 | D:2      | Reached XP level 3. HP: 32/33 MP: 3/3
   855 | D:2      | Reached XP level 4. HP: 40/40 MP: 4/4
  1022 | D:2      | You fall into a shaft and drop 1 floor!
  1103 | D:2      | Found an ornate altar of the Wu Jian Council.
  1397 | D:3      | Noticed an ogre
  1404 | D:3      | Killed an ogre
  1404 | D:3      | Reached skill level 5 in Shields
  1404 | D:3      | Reached XP level 5. HP: 46/46 MP: 5/5
  1519 | D:3      | Found a shimmering blue altar of Sif Muna.
  1739 | D:3      | Reached XP level 6. HP: 52/52 MP: 6/6
  1829 | D:3      | Reached skill level 5 in Axes
  2067 | D:4      | Noticed Sigmund
  2098 | D:4      | Killed Sigmund
  2213 | D:4      | Reached skill level 1 in Dodging
  2213 | D:4      | Reached XP level 7. HP: 49/59 MP: 7/7
  2220 | D:4      | Gained mutation: You have sharp toenails. [potion of
                  | mutation]
  2220 | D:4      | Gained mutation: You are frail. (-10% HP) [potion of
                  | mutation]
  2220 | D:4      | Gained mutation: You evolve. [potion of mutation]
  2471 | D:4      | Found a sacrificial altar of Ru.
  2518 | D:4      | Noticed a +0 dagger
  2520 | D:4      | Found a hide-covered altar of Uskayaw.
  2520 | D:4      | Noticed a +0 dagger
  2679 | D:4      | Found a shadowy altar of Dithmenos.
  2708 | D:4      | Noticed Blork the orc
  2716 | D:4      | HP: 1/54 [Blork the orc/+0 battleaxe of electrocution (8)]
  2719 | D:4      | Mangled by Blork the orc

Levels and vault maps discovered:
D:1:      sevenhm_arrival_forest_fort_small_3, layout_basic,
          hangedman_abyss_or_decor_lesser_grid
D:2:      layout_rooms, overflow_temple_1_default, minmay_misc_feat_alley
D:3:      layout_basic, lemuel_coloured_pillars_altar, minmay_door_square
D:4:      layout_basic, kennysheep_mini, dancing_weapons_uskayaw,
          nicolae_overflow_crystal_walls, first_ration,
          kennysheep_generic_room_13, uniq_blork_the_orc, uniq_sigmund

Skill      XL: |  1  2  3  4  5  6 |
---------------+-------------------+-----
Axes           | 3 4 5 |  5.9
Shields        | 4 5 |  5.8
Fighting       | 4 |  4.3
Armour         | 4 |  4.8
Dodging        | 1 |  1.0

Action                   |  1- 3 |  4- 6 |  7- 9 || total
-------------------------+-------+-------+-------++-------
Melee: War axe           |    67 |   129 |    33 ||   229
       Kick              |       |       |     7 ||     7
  Use: Potion            |       |     1 |     5 ||     6
  Eat: Chunk             |       |     4 |       ||     4
       Ration            |       |       |     1 ||     1
Armor: Scale mail        |    26 |    63 |     7 ||    96
       Plate armour      |       |       |    12 ||    12
Dodge: Dodged            |    21 |    38 |    18 ||    77
Block: Kite shield       |    36 |    65 |    20 ||   121

Table legend:
 A = Non-vault XP
 B = Vault XP
 C = Vault XP percentage of total XP
 D = Non-vault monster count
 E = Vault monster count
 F = Vault count percentage of total count
                 A         B        C        D         E       F
            +---------+---------+-------+---------+---------+-------
      Total |     490 |     222 |  31.2 |      63 |       2 |   3.1
            +---------+---------+-------+---------+---------+-------
        D:1 |      53 |       0 |   0.0 |      15 |       0 |   0.0
        D:2 |      66 |       0 |   0.0 |      15 |       0 |   0.0
        D:3 |     270 |       0 |   0.0 |      24 |       0 |   0.0
        D:4 |     101 |     222 |  68.7 |       9 |       2 |  18.2
            +---------+---------+-------+---------+---------+-------
